 Dungeon Sprint DCSS version 0.27.1 (webtiles) character file.

Game seed: 10899122380991002683

1603 styxcanada the Unseen (level 8, -4/44 HPs)
             Began as a Spriggan Brigand on Aug 31, 2021.
             Was an Initiate of Gozag.
             Killed from afar by a burning bush (15 damage)
             ... with a puff of flame
             ... in the Dungeon (Sprint IV: "Fedhas' Mad Dash").
             The game lasted 00:06:43 (2038 turns).

styxcanada the Unseen (Spriggan Brigand)            Turns: 2038, Time: 00:06:44

Health: -4/44      AC:  3    Str:  7    XL:     8   Next: 63%
Magic:  9/9        EV: 23    Int: 12    God:    Gozag
Gold:   235        SH:  6    Dex: 19    Spells: 7/7 levels left

rFire    . . .     SeeInvis +   a - +2 dagger
rCold    + . .     Faith    .   q - +1 buckler {rC+}
rNeg     . . .     Spirit   .   b - +0 robe
rPois    .         Reflect  .   (helmet restricted)
rElec    .         Harm     .   c - +0 cloak
rCorr    .         Rampage  .   (gloves unavailable)
Will     ++...     NoTele   +   (boots unavailable)
Stlth    ++++++++..             m - amulet of invisibility {+Inv}
HPRegen  0.14/turn              o - ring of willpower
MPRegen  0.11/turn              (no ring)

@: very slightly contaminated, very quick
A: very small, no large weapons, unfitting armour, see invisible, speed 3
a: Renounce Religion, Evoke Invisibility, Potion Petition, Call Merchant, Bribe
Branch


You were in the Dungeon.
You worshipped Gozag.
Gozag was aware of your devotion.
You visited 1 branch You collected 889 gold pieces.
You spent 654 gold pieces at shops.

Inventory:

Hand Weapons
 a - a +2 dagger (weapon)
Missiles
 d - 4 poisoned darts (quivered)
 e - 2 curare-tipped darts
 g - 18 stones
Armour
 b - a +0 robe (worn)
 c - a +0 cloak (worn)
 q - a +1 buckler of cold resistance (worn)
Jewellery
 m - the amulet of invisibility (around neck) {+Inv}
   (You found it in the Dungeon)

   [amulet of nothing]

   +Inv:      It lets you turn invisible.
 o - a ring of willpower (left hand)
Scrolls
 j - a scroll of magic mapping
 k - a scroll of blinking
 l - 5 scrolls of identify
 n - a scroll of fear {unknown}
 p - a scroll of silence {unknown}
Potions
 h - a potion of haste
 i - 2 potions of magic


   Skills:
 * Level 5.7 Fighting
 + Level 4.8 Short Blades
 + Level 6.1 Throwing
 * Level 9.0 Dodging
 * Level 20.5 Stealth
 + Level 7.1 Evocations


You had 7 spell levels left.
You didn't know any spells.
Your spell library was empty.

Dungeon Overview and Level Annotations

Branches:
Dungeon (1/1)

Altars:
Cheibriados
Dithmenos
Elyvilon
Gozag
Hepliaklqana
Kikubaaqudgha
Makhleb
Nemelex Xobeh
Okawaru
Qazlal
Ru
Sif Muna
Trog
Uskayaw
Vehumet
Wu Jian
Xom
Yredelemnul
Zin
The Shining One
Beogh
Jiyva
Lugonu

Shops:
D ?[((


Innate Abilities, Weirdness & Mutations

You are very small and have problems with some larger weapons.
You are too small for most types of armour.
You have supernaturally acute eyesight. (SInv)
You cover ground extremely quickly. (Speed+++)


Message History

You now have 235 gold pieces (gained 81).
The burning bush throws fire at you. The puff of flame misses you.
You hit the burning bush but do no damage.
The burning bush is severely damaged.
You hit the burning bush but do no damage.
The burning bush is severely damaged.
The burning bush throws fire at you. The puff of flame misses you.
You hit the burning bush but do no damage.
The burning bush is severely damaged.
You hit the burning bush but do no damage.
The burning bush is severely damaged.
The burning bush throws fire at you. The puff of flame hits you!
* * * LOW HITPOINT WARNING * * *
You hit the burning bush but do no damage.
The burning bush is severely damaged.
The burning bush throws fire at you. The puff of flame hits you!
* * * LOW HITPOINT WARNING * * *
You feel better.
You hit the burning bush but do no damage.
The burning bush is severely damaged.
You hit the burning bush but do no damage.
The burning bush is severely damaged.
You hit the burning bush but do no damage.
The burning bush is severely damaged.
You hit the burning bush.
The burning bush is almost destroyed.
You hit the burning bush.
The burning bush is almost destroyed.
You hit the burning bush but do no damage.
The burning bush is almost destroyed.
You hit the burning bush.
The burning bush is almost destroyed.
The burning bush throws fire at you. The puff of flame hits you!
You die...
Your body crumbles into a pile of gold.

################## ##
._.⌠.#..'...#....##∩#
_._..'..#...#...P'.[#
._...#..###'##.(@##∩#$$
_._..#.(##∩∩.'...# ##
._.⌠.#############
###### $ $ $


You could see a burning bush.

Vanquished Creatures
  An oklob plant (D)
  2 wandering mushrooms (D)
  A queen bee (D)
  3 scorpions (D)
  4 killer bees (D)
  4 oklob saplings (D)
  2 spriggans (D)
  A river rat (D)
  A rat (D)
19 creatures vanquished.

Vanquished Creatures (others)
  A fungus (D)
1 creature vanquished.

Grand Total: 20 creatures vanquished

Notes
Turn   | Place    | Note
-------+----------+-------------------------------------------
     0 | D        | styxcanada the Spriggan Brigand began the quest for the
                  | Orb.
     0 | D        | Reached XP level 1. HP: 10/10 MP: 2/2
    16 | D        | Reached skill level 7 in Stealth
    16 | D        | Reached XP level 2. HP: 8/15 MP: 3/3
    26 | D        | Reached skill level 8 in Stealth
   269 | D        | Noticed an oklob sapling
   271 | D        | Killed an oklob sapling
   272 | D        | Reached skill level 9 in Stealth
   272 | D        | Reached XP level 3. HP: 18/18 MP: 4/4
   273 | D        | Noticed a scorpion
   273 | D        | Found the amulet of invisibility {+Inv}
   275 | D        | Killed a scorpion
   276 | D        | Reached skill level 12 in Stealth
   276 | D        | Reached XP level 4. HP: 23/23 MP: 5/5
   405 | D        | Found an opulent altar of Gozag.
   405 | D        | Found a hazy altar of Hepliaklqana.
   405 | D        | Found a burning altar of Makhleb.
   405 | D        | Found a sparkling altar of Nemelex Xobeh.
   405 | D        | Found a snail-covered altar of Cheibriados.
   405 | D        | Found a sacrificial altar of Ru.
   405 | D        | Found a shimmering blue altar of Sif Muna.
   405 | D        | Found a shimmering altar of Xom.
   405 | D        | Found a basalt altar of Yredelemnul.
   406 | D        | Found a viscous altar of Jiyva.
   406 | D        | Found a bloodstained altar of Trog.
   406 | D        | Found an ornate altar of the Wu Jian Council.
   407 | D        | Found an iron altar of Okawaru.
   407 | D        | Found a shadowy altar of Dithmenos.
   407 | D        | Found a glowing silver altar of Zin.
   408 | D        | Found an ancient bone altar of Kikubaaqudgha.
   408 | D        | Found a hide-covered altar of Uskayaw.
   409 | D        | Found a stormy altar of Qazlal.
   409 | D        | Found a white marble altar of Elyvilon.
   409 | D        | Found a glowing golden altar of the Shining One.
   410 | D        | Became a worshipper of Gozag Ym Sagoz the Greedy
   411 | D        | Found a corrupted altar of Lugonu.
   411 | D        | Found a radiant altar of Vehumet.
   415 | D        | Reached skill level 13 in Stealth
   415 | D        | Reached XP level 5. HP: 28/28 MP: 3/6
   427 | D        | Reached skill level 14 in Stealth
   427 | D        | Reached skill level 1 in Evocations
   483 | D        | Reached skill level 5 in Dodging
   485 | D        | HP: 1/28 [spriggan (10)]
   563 | D        | Reached skill level 15 in Stealth
   563 | D        | Reached XP level 6. HP: 6/32 MP: 7/7
   840 | D        | Found Copaoc's Armour Shop.
   841 | D        | Found Usadup's Magic Scroll Emporium.
   846 | D        | Bought a scroll of identify for 22 gold pieces
   846 | D        | Bought a scroll of identify for 22 gold pieces
   846 | D        | Bought a scroll of magic mapping for 38 gold pieces
   949 | D        | Noticed a burning bush
   949 | D        | Noticed a wandering mushroom
   950 | D        | Noticed a wandering mushroom
   954 | D        | Killed a wandering mushroom
   955 | D        | Reached skill level 17 in Stealth
   955 | D        | Killed a wandering mushroom
   956 | D        | Reached skill level 5 in Throwing
   956 | D        | Reached skill level 18 in Stealth
   956 | D        | Reached XP level 7. HP: 24/38 MP: 5/8
  1470 | D        | Found Qoruby's Antique Weapon Shoppe.
  1471 | D        | Found Womudeusos's Weapon Emporium.
  1842 | D        | Noticed a queen bee
  1849 | D        | Killed a queen bee
  1850 | D        | Reached skill level 5 in Fighting
  1850 | D        | Reached skill level 19 in Stealth
  1850 | D        | Reached skill level 5 in Evocations
  1850 | D        | Reached XP level 8. HP: 43/43 MP: 7/9
  1912 | D        | Noticed an oklob plant
  1915 | D        | Killed an oklob plant
  1916 | D        | Reached skill level 20 in Stealth
  1962 | D        | Bought a scroll of acquirement for 572 gold pieces
  1962 | D        | Acquired a +1 buckler of cold resistance
  2030 | D        | HP: 1/44 [burning bush/puff of flame (8)]
  2038 | D        | Killed from afar by a burning bush

Illustrated notes

Levels and vault maps discovered:
D:        dungeon_sprint_fedhas [sprint_temple]

Skill      XL: |  1  2  3  4  5  6  7  8 |
---------------+-------------------------+-----
Dodging        | 2 3 4 5 7 9 |  9.0
Stealth        | 7 9 12 13 15 18 19 20 | 20.5
Fighting       | 2 3 4 5 |  5.7
Throwing       | 3 4 5 6 |  6.1
Short Blades   | 3 4 |  4.8
Evocations     | 1 4 5 7 |  7.1

Action                   |  1- 3 |  4- 6 |  7- 9 || total
-------------------------+-------+-------+-------++-------
Melee: Dagger            |    12 |     7 |    67 ||    86
Throw: Dart              |     7 |    12 |       ||    19
 Abil: Evoke Invisibilit |       |     3 |     7 ||    10
  Use: Potion            |       |     1 |     2 ||     3
       Scroll            |       |       |     1 ||     1
 Stab: Sleeping          |     3 |     4 |     8 ||    15
       Distracted        |       |       |     1 ||     1
Dodge: Dodged            |     1 |    11 |    13 ||    25
Block: Buckler           |       |       |     2 ||     2
